 Dungeon Crawl Stone Soup version 0.29.1-1-gd02db6906a (webtiles) character file.

Game seed: 7194275461582867563

3056 mrzisme the Jinx (level 9, -2/42 (44) HPs)
             Began as a Spriggan Enchanter on Sept 17, 2022.
             Was a Believer of Okawaru.
             Slain by Duvessa
             ... wielding a +1 rapier of draining
              (15 damage)
             ... on level 7 of the Dungeon.
             The game lasted 00:49:08 (10439 turns).

mrzisme the Jinx (Spriggan Enchanter)              Turns: 10439, Time: 00:49:09

HP:   -2/42 (44)    AC:  7    Str:  4    XL:     9   Next: 57%
MP:   12/20         EV: 21    Int: 21    God:    Okawaru [**....]
Gold: 58            SH:  0    Dex: 15    Spells: 10/21 levels left

rFire   . . .      SeeInvis +   a - +1 dagger (elec)
rCold   . . .      Faith    .   (no shield)
rNeg    . . .      Spirit   .   b - +0 robe
rPois   .          Reflect  .   (helmet restricted)
rElec   .          Harm     .   q - +0 cloak
rCorr   .          Rampage  .   (gloves unavailable)
Will    +....                   (boots unavailable)
Stlth   ++++......              (no amulet)
HPRegen 0.14/turn               m - +4 ring of evasion
MPRegen 0.17/turn               u - +4 ring of protection

@: lightly drained, very quick
A: very small, no large weapons, unfitting armour, see invisible, speed 3
a: Renounce Religion, Heroism


You were on level 7 of the Dungeon.
You worshipped Okawaru.
Okawaru was pleased with you.
You visited 2 branches of the dungeon, and saw 8 of its levels.
You also visited: Sewer.

You collected 422 gold pieces.
You spent 364 gold pieces at shops.

Inventory:

Hand Weapons
 a - a +1 dagger of electrocution (weapon)
 h - the +8 falchion of Rixkotiw {protect, Str+4 Dex+3}
   (You found it on level 5 of the Dungeon)

   It grants its wielder temporary protection when it strikes (+7 to AC).
   Str:       It affects your strength (+4).
   Dex:       It affects your dexterity (+3).
 w - a +2 sling of freezing
 C - a +3 antimagic dagger
Missiles
 g - 18 poisoned darts (quivered)
Armour
 b - a +0 robe (worn)
 q - a +0 cloak (worn)
Magical Staves
 d - a staff of cold
Jewellery
 m - a +4 ring of evasion (left hand)
 u - a +4 ring of protection (right hand)
 y - the ring of Agafon {Will+ MP+9 Str-4 Int+3}
   (You found it on level 5 of the Dungeon)

   [ring of magical power]

   Str:       It affects your strength (-4).
   Int:       It affects your intelligence (+3).
   MP:        It affects your magic capacity (+9).
   Will:      It increases your willpower.
 A - an amulet of faith
Wands
 i - a wand of polymorph (1)
 v - a wand of paralysis (17)
Scrolls
 o - a scroll of fear
 x - 3 scrolls of teleportation
 B - a scroll of immolation {unknown}
 E - a scroll of fog {unknown}
 F - a scroll of silence {unknown}
Potions
 c - 2 potions of invisibility
 e - a potion of curing
 f - 2 potions of attraction
 j - a potion of brilliance
 k - 5 potions of lignification
 l - a potion of might
 n - 3 potions of berserk rage
 p - 4 potions of haste
 r - 2 potions of magic
 s - 3 potions of mutation
 t - 2 potions of heal wounds
 z - a potion of ambrosia {unknown}
 D - a potion of resistance


   Skills:
 + Level 3.2 Fighting
 + Level 5.1 Short Blades
 - Level 2.6 Dodging
 + Level 8.6 Stealth
 - Level 6.8 Spellcasting
 * Level 11.9 Hexes


You had 10 spell levels left.
You knew the following spells:

 Your Spells              Type           Power      Damage    Failure   Level
a - Ensorcelled Hibernat  Hex/Ice        64%        N/A       1%          2
b - Confusing Touch       Hex            55%        N/A       1%          3
c - Tukima's Dance        Hex            55%        N/A       1%          3
d - Dazzling Flash        Conj/Hex       64%        N/A       2%          3

Your spell library contained the following spells:

 Spells                   Type           Power      Damage    Failure   Level
 Anguish                  Hex/Necr       16%        N/A       8%          4
 Enfeeble                 Hex            27%        N/A       50%         7


Dungeon Overview and Level Annotations

Branches:
Dungeon (7/15)             Temple (1/1) D:5           Sewer (visited)

Altars:
Ashenzari
Cheibriados
Dithmenos
Elyvilon
Gozag
Hepliaklqana
Nemelex Xobeh
Okawaru
Qazlal
Ru
Trog
Uskayaw
Vehumet
Xom
Zin

Shops:
D:7 :

Portals:
Abyss: D:6

Annotations:
D:6 2 transporters, lambentLogic's ghost, novice SpEn
D:7 Duvessa; Pikel


Innate Abilities, Weirdness & Mutations

You are very small and have problems with some larger weapons.
You are too small for most types of armour.
You have supernaturally acute eyesight. (SInv)
You cover ground extremely quickly. (Speed+++)


Message History

Aiming: Ensorcelled Hibernation (safe; 1% risk of failure)
Press: ? - help, Shift-Dir - straight line, f - lemure
Aim: a lemure (chance to affect: 62%)
The lemure resists with significant effort.
Pikel cracks his whip.
The lemure barely misses you.
Casting: Ensorcelled Hibernation (safe; 1% risk of failure)
Confirm with . or Enter, or press ? or * to list all spells.
Aiming: Ensorcelled Hibernation (safe; 1% risk of failure)
Press: ? - help, Shift-Dir - straight line, f/p - lemure
Aim: a lemure (chance to affect: 62%)
The lemure looks drowsy...
Duvessa, Sister of Dowan comes into view.
She is wielding a +1 rapier of draining.
The helpless lemure fails to defend itself.
You stick the lemure like a pincushion!!!
You kill the lemure!
That felt strangely unrewarding.
Duvessa goes berserk!
Duvessa rages.
Duvessa rages.
Pikel says, "You'll make a fine lemure."
Things that are here:
3 stones; a +0 short sword You see here 9 gold pieces.
You now have 422 gold pieces (gained 9).
You hear a shout!
There is an entrance to Ycuuny's Book Shoppe here.
You pick up a book of Maledictions and begin reading...
You add the spells Anguish and Enfeeble to your library.
Thank you for shopping at Ycuuny's Book Shoppe!
This spell is quite dangerous to cast!
Memorise Anguish, consuming 4 spell levels and leaving 6?
You start memorising the spell.
You continue memorising. x2
Duvessa closely misses you. x2
You continue memorising.
Duvessa misses you.
You continue memorising.
Duvessa hits you with a +1 rapier of draining!
Your memorisation is interrupted.
You feel drained.
Duvessa hits you with a +1 rapier of draining!
You die...

....## ..............
#....##........K.....
..###...............#..
.........<###....#......
......#..#.#..#.####.)..
.... #..##.!.#.## #....
..... #..##..##..###....
.....##......##.##.#.###
#...@.............# #
#...e##...#>......###
###..##...........##†
#...............#..
#.##.........(.....
.......e.........#..
.....#..)............[
......##.####.........)#
.....# #. #..........#


You could see Duvessa (berserk).

Vanquished Creatures
  A two-headed ogre (D:6)
  Eustachio (D:5)
  A water moccasin (Sewer)
  2 ice beasts
  2 black bears
  2 orc warriors
  An ogre (D:6)
  A centaur (D:6)
  A phantom (D:4)
  4 lemures (D:7)
  A kobold brigand (D:7)
  A gnoll sergeant (D:7)
  3 necrophages
  2 scorpions
  3 wights (D:6)
  Dowan (D:7)
  2 howler monkeys (D:7)
  A jelly (D:5)
  3 hounds
  2 orc priests
  A gnoll bouda (D:7)
  An iguana (D:5)
  7 orc wizards
  Terence (D:3)
  10 gnolls
  7 adders
  A shadow imp (D:5)
  3 white imps
  An ufetubus (D:5)
  4 worms
  A dart slug (D:3)
  18 orcs
  9 bats
  9 endoplasms
  4 giant cockroaches
  6 goblins
  7 hobgoblins
  2 jackals (D:2)
  7 kobolds
  A quokka (D:5)
  6 ball pythons
  4 frilled lizards
  9 rats
154 creatures vanquished.

Vanquished Creatures (collateral kills)
  2 orcs (D:4)
  A ball python (D:3)
3 creatures vanquished.

Vanquished Creatures (others)
  44 plants (D:3)
44 creatures vanquished.

Grand Total: 201 creatures vanquished

Notes
Turn   | Place    | Note
-------+----------+-------------------------------------------
     0 | D:1      | mrzisme the Spriggan Enchanter began the quest for the Orb.
     0 | D:1      | Reached XP level 1. HP: 9/9 MP: 5/5
   348 | D:1      | Reached skill level 4 in Hexes
   374 | D:1      | Reached XP level 2. HP: 7/13 MP: 7/7
   377 | D:1      | Learned a level 2 spell: Ensorcelled Hibernation
  1510 | D:2      | Found a faded altar of an unknown god.
  1521 | D:2      | Reached XP level 3. HP: 16/16 MP: 8/8
  1601 | D:2      | Learned a level 3 spell: Confusing Touch
  1605 | D:2      | Learned a level 3 spell: Tukima's Dance
  1663 | D:2      | Reached skill level 5 in Hexes
  2603 | D:3      | Reached XP level 4. HP: 20/21 MP: 3/10
  2674 | D:3      | Found a broken altar of Ashenzari.
  2688 | D:3      | Noticed Terence
  2695 | D:3      | Killed Terence
  3284 | D:3      | Found a sparkling altar of Nemelex Xobeh.
  3448 | D:3      | Reached skill level 6 in Hexes
  3462 | D:3      | Reached XP level 5. HP: 18/24 MP: 0/12
  3825 | D:4      | Identified the +1 leather armour of the Gloaming {Drain Fly
                  | rC+}
  4127 | D:4      | Noticed a phantom
  4143 | D:4      | Killed a phantom
  4167 | D:4      | Reached skill level 5 in Spellcasting
  4167 | D:4      | Reached skill level 7 in Hexes
  4167 | D:4      | Reached XP level 6. HP: 19/28 MP: 9/14
  5141 | D:5      | Entered Level 5 of the Dungeon
  5148 | D:5      | Found a shimmering altar of Xom.
  5154 | D:5      | Reached skill level 8 in Hexes
  5248 | D:5      | Identified the +8 falchion of Rixkotiw {protect, Str+4
                  | Dex+3}
  5272 | D:5      | Found a glowing drain.
  5313 | Sewer    | Entered a sewer
  5437 | Sewer    | Noticed a water moccasin
  5462 | Sewer    | Killed a water moccasin
  5463 | Sewer    | Reached XP level 7. HP: 18/32 MP: 10/16
  5828 | D:5      | Noticed Eustachio
  5863 | D:5      | Killed Eustachio
  5864 | D:5      | Reached skill level 9 in Hexes
  6075 | D:5      | Learned a level 3 spell: Dazzling Flash
  6585 | D:5      | Identified the ring of Agafon {Will+ MP+9 Str-4 Int+3}
  6753 | D:5      | Found a staircase to the Ecumenical Temple.
  6762 | Temple   | Entered the Ecumenical Temple
  6865 | Temple   | Became a worshipper of Warmaster Okawaru
  7811 | D:6      | Reached skill level 5 in Stealth
  7811 | D:6      | Reached XP level 8. HP: 12/34 MP: 9/19
  8009 | D:6      | Found a transporter.
  8047 | D:6      | Found an opulent altar of Gozag.
  8153 | D:6      | Noticed a green ugly thing
  8163 | D:6      | Noticed an ancient zyme
  8176 | D:6      | Found a transporter.
  8421 | D:6      | Found a one-way gate to the infinite horrors of the Abyss.
  8421 | D:6      | Noticed lambentLogic's ghost (novice SpEn)
  8482 | D:6      | Reached skill level 10 in Hexes
  8587 | D:6      | Noticed a two-headed ogre
  8593 | D:6      | Reached * piety under Okawaru
  8600 | D:6      | Reached skill level 1 in Fighting
  8618 | D:6      | Killed a two-headed ogre
  8618 | D:6      | Reached ** piety under Okawaru
  8619 | D:6      | Reached XP level 9. HP: 9/42 MP: 16/20
  8788 | D:6      | Noticed a wolf spider
  8791 | D:6      | Noticed a goliath frog
  8791 | D:6      | a wolf spider changed into a goliath frog
  8800 | D:6      | Noticed a quicksilver ooze
  8800 | D:6      | a goliath frog changed into a quicksilver ooze
  8921 | D:6      | Found a sacrificial altar of Ru.
  9132 | D:6      | Reached skill level 11 in Hexes
  9142 | D:6      | Noticed a ghost moth
  9161 | D:7      | Found Ycuuny's Book Shoppe.
  9294 | D:6      | Noticed a deep troll
  9448 | D:7      | Noticed Dowan
  9452 | D:7      | Killed Dowan
  9453 | D:7      | Found a hazy altar of Hepliaklqana.
  9563 | D:7      | Found a snail-covered altar of Cheibriados.
  9564 | D:7      | Found a bloodstained altar of Trog.
  9564 | D:7      | Found a stormy altar of Qazlal.
 10118 | D:6      | Reached skill level 5 in Short Blades
 10314 | D:7      | Noticed Pikel
 10376 | D:7      | Paralysed by Pikel for 3 turns
 10398 | D:7      | Noticed Duvessa
 10435 | D:7      | Bought a book of Maledictions for 364 gold pieces
 10439 | D:7      | Slain by Duvessa

Illustrated notes

Levels and vault maps discovered:
D:1:      dpeg_arrival_ratfight, layout_loops_ring
D:2:      layout_basic, hellmonk_ecumenical_altar_pennies_from_heaven,
          serial_corexii_hall, chequers_hall_statues_wall_a,
          corexii_hall_statues_u, minmay_fountain_box
D:3:      layout_rooms, nemelex_diamond_rough_becter,
          nicolae_ashenzari_panopticon, serial_bayou, serial_bayou_pond_e,
          serial_bayou_lake_a, serial_bayou_lagoon_a, serial_bayou_pond_a,
          dk_vineyard_3, uniq_terence
D:4:      layout_cave_pools
D:5:      layout_basic, amcnicky_altar_gilded, lemuel_temple_firewalk_b,
          cheibrodos_sewer_entry_bend, uniq_eustachio
D:6:      layout_loops_cross, nicolae_ru_sacrificial_ziggurat,
          grunt_gozag_statues, gammafunk_ghost_abyssal_escape
D:7:      layout_cave_pools, kennysheep_mini_moat,
          gammafunk_temple_overflow_forgotten, serial_shops,
          nicolae_square_shop, serial_gnoll_camp, gnoll_camp_mini_house,
          gnoll_camp_mini_loothouse, gnoll_camp_medium_02,
          gnoll_camp_mini_house, gnoll_camp_mini_shop, gnoll_camp_mini_house,
          nicolae_shop_vocational, uniq_duvessa, uniq_pikel
Temple:   minmay_temple_forest_path

Skill      XL: |  1  2  3  4  5  6  7  8  9 |
---------------+----------------------------+-----
Hexes          | 4 5 6 7 8 9 10 11 | 11.9
Spellcasting   | 3 4 5 6 |  6.8
Short Blades   | 2 4 5 |  5.1
Stealth        | 5 7 8 |  8.6
Fighting       | 2 3 |  3.2
Dodging        | |  2.6

Action                   |  1- 3 |  4- 6 |  7- 9 || total
-------------------------+-------+-------+-------++-------
Melee: Dagger            |    68 |   135 |   174 ||   377
       Punch             |       |     1 |     1 ||     2
Throw: Dart              |       |       |     3 ||     3
 Cast: Ensorcelled Hiber |    22 |    69 |    72 ||   163
       Tukima's Dance    |       |     4 |     3 ||     7
       Confusing Touch   |       |     4 |    29 ||    33
  Use: Scroll            |       |    12 |     5 ||    17
       Potion            |       |     3 |       ||     3
 Stab: Sleeping          |    32 |    38 |    38 ||   108
       Confused          |       |     5 |    20 ||    25
       Distracted        |       |       |     1 ||     1
Armor: Robe              |     5 |    26 |    22 ||    53
Dodge: Dodged            |    24 |   123 |   182 ||   329
